 Dungeon Crawl Stone Soup version 0.30-a0-385-gfebfb9b408 (webtiles) character file.

Game seed: 6406159256571600923

42 vineage the Trooper (level 3, -1/40 HPs)
             Began as an Ogre Fighter on Dec 2, 2022.
             Slain by a gnoll
             ... wielding a +0 spear
              (4 damage)
             ... on level 1 of the Dungeon.
             The game lasted 00:01:54 (1107 turns).

vineage the Trooper (Ogre Fighter)                  Turns: 1107, Time: 00:01:54

Health: -1/40      AC:  3    Str: 22    XL:     3   Next: 56%
Magic:  3/3        EV:  8    Int:  9    God:
Gold:   58         SH:  7    Dex:  8    Spells: 2/2 levels left

rFire   . . .      SeeInvis .    a - +0 flail
rCold   . . .      Faith    .    c - +0 kite shield
rNeg    . . .      Spirit   .    b - +0 robe
rPois   .          Reflect  .    (helmet restricted)
rElec   .          Harm     .    (no cloak)
rCorr   .          Rampage  .    (gloves unavailable)
Will    .....                    (boots unavailable)
Stlth   +.........               (no amulet)
HPRegen 0.26/turn                (no ring)
MPRegen 0.08/turn                (no ring)

@: no status effects
A: large, unfitting armour, tough skin 1
a: no special abilities


You were on level 1 of the Dungeon.
You visited 1 branch of the dungeon, and saw 2 of its levels.

You collected 58 gold pieces.

Inventory:

Hand Weapons
 a - a +0 flail (weapon)
Armour
 b - a +0 robe (worn)
 c - a +0 kite shield (worn)
Scrolls
 e - a scroll of vulnerability {unknown}
 g - a scroll of blinking {unknown}
 h - a scroll of identify {unknown}
 j - a scroll of teleportation {unknown}
Potions
 d - a potion of might
 f - a potion of lignification {unknown}
 i - a potion of brilliance {unknown}


   Skills:
 + Level 4.5 Fighting
 * Level 2.8 Maces & Flails
 + Level 3.0 Dodging
 - Level 3.0 Shields


You had 2 spell levels left.
You didn't know any spells.
Your spell library was empty.

Dungeon Overview and Level Annotations

Branches:
Dungeon (2/15)

Altars:


Innate Abilities, Weirdness & Mutations

You are too large for most types of armour.
You have tough skin. (AC +1)


Message History

You climb downwards.
The gnoll hits you from afar with a +0 spear!
There is a stone staircase leading up, spattered with blood here.
You block the gnoll's attack.
There is a stone staircase leading up, spattered with blood here.
The gnoll hits you but does no damage.
The gnoll hits you from afar with a +0 spear.
You climb upwards.
There is a stone staircase leading down here.
You sock the gnoll!
The gnoll is almost dead.
The gnoll hits you with a +0 spear.
You barely miss the gnoll.
The gnoll is almost dead.
You block the gnoll's attack. The gnoll hits you with a +0 spear.
You hit the gnoll but do no damage.
The gnoll is severely wounded.
The gnoll hits you with a +0 spear.
You are too injured to fight recklessly!
You are too injured to fight recklessly!
You are too injured to fight recklessly!
You are too injured to fight recklessly!
You are too injured to fight recklessly!
You are too injured to fight recklessly!
You are too injured to fight recklessly!
You are too injured to fight recklessly!
You are too injured to fight recklessly!
You are too injured to fight recklessly!
You are too injured to fight recklessly!
The gnoll hits you with a +0 spear.
You completely miss the gnoll.
The gnoll is severely wounded.
The gnoll hits you with a +0 spear.
* * * LOW HITPOINT WARNING * * *
You barely miss the gnoll.
The gnoll is severely wounded.
The gnoll hits you with a +0 spear!
* * * LOW HITPOINT WARNING * * *
The gnoll hits you with a +0 spear.
You die...

......###...## #.........#
...........######.........#
####
(..#######................#
##.<. ...#
####.............###....
)..# #.............##.#8~8
...# #..........#####.#≈≈≈
#### ########..).......#
#.#8≈8 #.....)....>......#
#.#≈≈≈ #.######..g@......#
#.#8≈8 ######.#
#..........# ##....
.......# #..........# ###.#
.......# #..........# #..#
.......# #..........# #.##
###....# ############ #.#
#....# #.# #.#
###....##########.# #.#
..................# #.##


You could see a gnoll.

Vanquished Creatures
  2 gnolls (D:1)
  5 hobgoblins (D:1)
  3 ball pythons (D:1)
  3 bats (D:1)
  3 frilled lizards (D:1)
  2 goblins (D:1)
  2 kobolds (D:1)
  4 rats (D:1)
24 creatures vanquished.

Vanquished Creatures (others)
  4 plants (D:2)
4 creatures vanquished.

Grand Total: 28 creatures vanquished

Notes
Turn   | Place    | Note
-------+----------+-------------------------------------------
     0 | D:1      | vineage the Ogre Fighter began the quest for the Orb.
     0 | D:1      | Reached XP level 1. HP: 24/24 MP: 1/1
    29 | D:1      | Found a faded altar of an unknown god.
   262 | D:1      | Reached XP level 2. HP: 30/32 MP: 2/2
   769 | D:1      | Reached XP level 3. HP: 25/40 MP: 3/3
  1107 | D:1      | Slain by a gnoll

Illustrated notes

Levels and vault maps discovered:
D:1:      lightli_arrival_statue_moat, layout_basic,
          hellmonk_ecumenical_altar_leap_of_faith, wad_floor_pattern_untrapped,
          minmay_tetromino_i2
D:2:      layout_basic, nicolae_grassy_gnolls

Skill      XL: |  1  2 |
---------------+-------+-----
Maces & Flails | 2 |  2.8
Dodging        | 3 |  3.0
Fighting       | |  4.5
Shields        | |  3.0

Action                   || total
-------------------------++-------
Melee: Flail             ||    87
Armor: Robe              ||    41
Dodge: Dodged            ||    46
Block: Kite shield       ||    57

Table legend: (Time is in decaauts)
 A = Elapsed time spent in this place.
 B = Non-inter-level travel time spent in this place.
 C = Inter-level travel time spent in this place.
 D = Time resting spent in this place.
 E = Time spent auto-exploring this place.
 F = Levels seen in this place.
 G = Mean time per level.
                   A        B        C        D        E       F      G
               +--------+--------+--------+--------+--------+-----+--------+
         Total |   1146 |   1120 |     26 |    305 |    588 |   2 |  573.0 |
       Dungeon |   1146 |   1120 |     26 |    305 |    588 |   2 |  573.0 |
               +--------+--------+--------+--------+--------+-----+--------+

Top non-repeatable levels by time:
     D:1: 1127 daAuts
     D:2: 19 daAuts
